 Dungeon Crawl Stone Soup version 0.18-a0-1140-g8540535 (webtiles) character file.

592 patman the Ducker (level 7, 0/44 HPs)
             Began as a Tengu Assassin on Jan 21, 2016.
             Was an Initiate of Fedhas.
             Splashed by a jelly's acid (9 damage)
             ... on level 5 of the Dungeon.
             The game lasted 00:08:57 (4717 turns).

patman the Ducker (Tengu Assassin)                  Turns: 4717, Time: 00:08:57

Health: 0/44       AC: -5    Str: 17    XL:     7   Next: 39%
Magic:  8/8        EV: 16    Int: 12    God:    Fedhas [......]
Gold:   189        SH:  0    Dex: 16    Spells: 0 memorised, 6 levels left

rFire  . . .     SeeInvis .     a - +1 dagger (venom)
rCold  . . .     Gourm    .     c - +0 robe
rNeg   . . .     Faith    .     (no shield)
rPois  .         Spirit   .     (helmet restricted)
rElec  .         Dismiss  .     d - +0 cloak
rCorr  .         Reflect  .     (no gloves)
SustAt .         Harm     .     (boots unavailable)
MR     .....                    (no amulet)
Stlth  +++.......               (no ring)
                                y - +5 ring of strength

@: corroded equipment, not resistant to hostile enchantments, fairly stealthy
A: beak, talons 3, able to fly 1
a: Fly, Renounce Religion


You were on level 5 of the Dungeon.
You worshipped Fedhas.
Fedhas was noncommittal.
You were hungry.

You visited 2 branches of the dungeon, and saw 7 of its levels.

You collected 189 gold pieces.

Inventory:

Hand Weapons
 a - a +1 dagger of venom (weapon)
 b - a +0 blowgun
 w - a +2 dagger
 A - a +2 falchion of electrocution
Missiles
 e - 18 poisoned needles
 f - 2 curare-tipped needles
 n - 196 stones
 u - a throwing net
 C - 2 javelins (quivered)
Armour
 c - a +0 robe (worn)
 d - a +0 cloak (worn)
Jewellery
 y - a +5 ring of strength (left hand)
Scrolls
 m - a scroll of enchant armour {unknown}
 o - a scroll of magic mapping {unknown}
 q - a scroll of random uselessness {unknown}
 r - a scroll of enchant weapon {unknown}
 x - a scroll of fear {unknown}
 B - a scroll of remove curse {unknown}
 D - 2 scrolls of blinking {unknown}
Potions
 h - a potion of magic
 j - a potion of flight
 l - a potion of cure mutation
 p - a potion of might
 t - a potion of lignification {unknown}
 v - a potion of heal wounds {unknown}
 z - a potion of experience {unknown}
Comestibles
 g - 3 bread rations
 i - a royal jelly
 k - 3 meat rations


   Skills:
 - Level 5.2 Fighting
 - Level 2.1 Short Blades
 - Level 2.0 Throwing
 * Level 6.5 Dodging
 - Level 4.0 Stealth


You had 6 spell levels left.
You didn't know any spells.

Dungeon Overview and Level Annotations

Branches:
Dungeon (6/15)             Temple (1/1) D:5

Altars:
Ashenzari
Cheibriados
Fedhas
Gozag
Kikubaaqudgha
Makhleb
Okawaru
Pakellas
Qazlal
Ru
Trog
Xom
The Shining One

Annotations:
D:4 asdu's ghost, amateur OgSk


Innate Abilities, Weirdness & Mutations

You have a beak for a mouth.
You have claws for feet.
You can fly.


Message History

A jelly comes into view.
The jelly quivers.
You see here 24 stones.
n - 196 stones (gained 24)
You completely miss the jelly. The jelly hits you.
You are splashed with acid!
The acid burns!
You hit the jelly. The acid corrodes you!
Your hands burn!
You peck the jelly, but do no damage.
The jelly is lightly wounded.
The jelly hits you.
You are splashed with acid!
The acid burns!
You hit the jelly.
The jelly is poisoned.
The acid corrodes you!
Your hands burn!
* * * LOW HITPOINT WARNING * * *
You claw the jelly. You peck the jelly.
The jelly is severely wounded.
The jelly hits you.
* * * LOW HITPOINT WARNING * * *
You are splashed with acid!
The acid corrodes you!
The acid burns!
You die...
Fedhas appreciates your contribution to the ecosystem.

###.#######.##.#####
#.........##.#
#...##.......#
##..##.#######
#.[##.# #..##.#
#..##.# #..##.#
#@.##.# #.J#...
#...... #......
##......# .#.....
.###### ..


You could see a jelly.

Vanquished Creatures
  An ogre (D:5)
  A centaur (D:5)
  A scorpion (D:5)
  An orc priest (D:6)
  A hound (D:4)
  3 orc wizards (D:5)
  2 worker ants (D:4)
  A killer bee zombie (D:4)
  3 gnolls
  8 adders
  An ooze (D:2)
  3 worms
  3 giant geckos
  An orc (D:5)
  5 bats
  6 giant cockroaches
  4 goblins
  9 hobgoblins
  2 jackals (D:1)
  9 kobolds
  A quokka (D:5)
  3 ball pythons
  5 giant newts
  7 rats
81 creatures vanquished.

Notes
Turn   | Place    | Note
--------------------------------------------------------------
     0 | D:1      | patman the Tengu Assassin began the quest for the Orb.
     0 | D:1      | Reached XP level 1. HP: 12/12 MP: 2/2
    56 | D:1      | Reached XP level 2. HP: 13/18 MP: 3/3
   691 | D:1      | Reached XP level 3. HP: 20/23 MP: 4/4
  1080 | D:2      | Reached XP level 4. HP: 18/29 MP: 5/5
  1856 | D:2      | Reached skill level 5 in Fighting
  1856 | D:2      | Gained mutation: You can fly. [Tengu growth]
  1856 | D:2      | Reached XP level 5. HP: 33/35 MP: 6/6
  3473 | D:4      | Reached XP level 6. HP: 36/40 MP: 7/7
  3488 | D:4      | Noticed asdu's ghost (amateur OgSk)
  3706 | D:4      | Found a sacrificial altar of Ru.
  3735 | D:4      | Noticed a phantom
  3739 | D:4      | Became a worshipper of Ru the Awakened
  3765 | D:5      | Entered Level 5 of the Dungeon
  3997 | D:5      | Found a staircase to the Ecumenical Temple.
  4010 | D:5      | Reached skill level 5 in Dodging
  4010 | D:5      | Reached XP level 7. HP: 13/44 MP: 8/8
  4024 | Temple   | Entered the Ecumenical Temple
  4108 | Temple   | Fell from the grace of Ru
  4108 | Temple   | Became a worshipper of Fedhas Madash
  4284 | D:5      | Reached skill level 6 in Dodging
  4287 | D:5      | HP: 2/44 [orc priest/divine providence (13)]
  4717 | D:5      | Splashed by a jelly's acid

Vault maps used:
D:1:      minmay_arrival_four_loops
D:2:      first_bread, hangedman_decor_riveting, kennysheep_generic_room_16
D:4:      nicolae_ru_awakened_eye
D:5:      temple_doors_e, serial_shops, nicolae_shop_crystal,
          kennysheep_flooded_box
D:6:      tgw_sif, amethyst_overflow_temple_binary, uniq_blork_the_orc,
          uniq_pikel
Temple:   water_room_temple_b_12

Action                   |  1- 3 |  4- 6 |  7- 9 || total
-------------------------+-------+-------+-------++-------
Melee: Dagger            |    90 |   129 |    30 ||   249
 Fire: Blowgun           |     2 |     7 |       ||     9
Throw: Javelin           |       |     1 |       ||     1
  Use: Scroll            |       |     5 |       ||     5
 Stab: Sleeping          |     7 |    14 |     1 ||    22
       Distracted        |       |     1 |       ||     1
  Eat: Chunk             |       |     5 |     1 ||     6
       Meat ration       |       |     1 |       ||     1
